 Dungeon Crawl Stone Soup version 0.30-a0-365-ge7f957f1db (webtiles) character file.

Game seed: 11639353509053870457

67 leviel the Trooper (level 4, 0/41 HPs)
             Began as a Hill Orc Fighter on Nov 18, 2022.
             Was a Believer of Elyvilon.
             Slain by Ijyb
             ... wielding a +0 dagger
              (2 damage)
             ... on level 3 of the Dungeon.
             The game lasted 00:01:40 (1172 turns).

leviel the Trooper (Hill Orc Fighter)               Turns: 1172, Time: 00:01:40

Health: 0/41       AC:  7    Str: 20    XL:     4   Next: 16%
Magic:  4/4        EV:  6    Int:  8    God:    Elyvilon [**....]
Gold:   98         SH:  4    Dex: 10    Spells: 3/3 levels left

rFire   . . .      SeeInvis .    a - +0 war axe
rCold   . . .      Faith    .    c - +0 buckler
rNeg    . . .      Spirit   .    b - +0 scale mail
rPois   .          Reflect  .    (no helmet)
rElec   .          Harm     .    (no cloak)
rCorr   .          Rampage  .    (no gloves)
Will    .....                    (no boots)
Stlth   ..........               (no amulet)
HPRegen 0.26/turn                (no ring)
MPRegen 0.09/turn                (no ring)

@: mighty, grasped by roots, constricted
A: no striking features
a: Renounce Religion, Purification, Heal Other


You were on level 3 of the Dungeon.
You worshipped Elyvilon.
Elyvilon was pleased with you.
You visited 1 branch of the dungeon, and saw 3 of its levels.

You collected 98 gold pieces.

Inventory:

Hand Weapons
 a - a +0 war axe (weapon)
Armour
 b - a +0 scale mail (worn)
 c - a +0 buckler (worn)
Jewellery
 j - a +6 ring of dexterity
 o - a ring of willpower
Scrolls
 e - a scroll of enchant armour {unknown}
 i - a scroll of magic mapping {unknown}
 k - a scroll of brand weapon {unknown}
 l - a scroll of vulnerability {unknown}
 p - a scroll of poison {unknown}
Potions
 d - a potion of might
 f - 2 potions of mutation {unknown}
 g - 2 potions of curing {unknown}
 h - a potion of magic {unknown}
 m - a potion of cancellation {unknown}
 n - 2 potions of degeneration {unknown}


   Skills:
 * Level 4.6 Fighting
 + Level 3.5 Axes
 + Level 3.7 Armour
 + Level 3.8 Shields


You had 3 spell levels left.
You didn't know any spells.
Your spell library was empty.

Dungeon Overview and Level Annotations

Branches:
Dungeon (2/15)

Altars:
Elyvilon

Annotations:
D:3 Ijyb


Message History

The grasping roots constrict you.
You barely miss Ijyb.
Ijyb is moderately wounded.
You hit the giant cockroach. The giant cockroach barely misses you.
An adder comes into view.
Ijyb hits you but does no damage. The grasping roots constrict you.
You block the giant cockroach's attack.
You closely miss Ijyb.
Ijyb is moderately wounded.
The adder hisses angrily.
You slash the giant cockroach!
You kill the giant cockroach!
Ijyb hits you but does no damage. The grasping roots constrict you.
You block Ijyb's attack. The grasping roots constrict you.
* * * LOW HITPOINT WARNING * * *
The grasping roots release their grip on you.
You feel very mighty all of a sudden.
Ijyb zaps a wand.
The roots erupt in riotous growth!
The grasping roots grab you!
Ijyb is unaffected.
The grasping roots constrict you.
* * * LOW HITPOINT WARNING * * *
You closely miss Ijyb.
Ijyb is moderately wounded.
Ijyb hits you but does no damage. The grasping roots constrict you.
* * * LOW HITPOINT WARNING * * *
You slash Ijyb!
Ijyb is almost dead.
Ijyb hits you but does no damage. The grasping roots constrict you.
Elyvilon protects you from harm! The adder bites you but does no damage.
The grasping roots release their grip on you.
You completely miss Ijyb.
Ijyb is almost dead.
You hit the adder. The adder barely misses you.
Ijyb zaps a wand.
The roots erupt in riotous growth!
The grasping roots grab you!
Ijyb is unaffected.
The adder is unaffected.
The grasping roots constrict you.
* * * LOW HITPOINT WARNING * * *
The adder closely misses you. Ijyb hits you with a +0 dagger.
You die...

........##......
.........#......
...
.................
#..
...............##.
#.. ..............
#.####..
........... ......#
#.gS#.# ##....#
##@[.########.....#
#.................#
#..................
#.....<....###...#.
#####...#### #####.
#............ #.
............... ##
###....<.##.... #
#......# ### #


You could see Ijyb and an adder.

Vanquished Creatures
  2 adders (D:2)
  3 worms (D:2)
  3 dart slugs (D:2)
  4 endoplasms
  A giant cockroach (D:3)
  4 goblins (D:1)
  A hobgoblin (D:1)
  2 kobolds
  3 quokkas (D:1)
  2 ball pythons
  2 bats (D:1)
  2 frilled lizards
  6 rats
35 creatures vanquished.

Notes
Turn   | Place    | Note
-------+----------+-------------------------------------------
     0 | D:1      | leviel the Hill Orc Fighter began the quest for the Orb.
     0 | D:1      | Reached XP level 1. HP: 19/19 MP: 1/1
   156 | D:1      | Found a faded altar of an unknown god.
   180 | D:1      | Reached XP level 2. HP: 27/27 MP: 2/2
   189 | D:1      | Prayed at the altar of an unknown god.
   189 | D:1      | Became a worshipper of Elyvilon the Healer
   189 | D:1      | Reached * piety under Elyvilon
   230 | D:1      | Reached skill level 4 in Fighting
   808 | D:2      | Reached XP level 3. HP: 31/33 MP: 3/3
  1021 | D:2      | Reached XP level 4. HP: 27/41 MP: 4/4
  1106 | D:2      | You fall into a shaft and drop 1 floor!
  1158 | D:3      | Noticed Ijyb
  1159 | D:3      | Reached ** piety under Elyvilon
  1171 | D:3      | Elyvilon protects you from harm!
  1172 | D:3      | HP: 2/41 [constriction (3)]
  1172 | D:3      | Slain by Ijyb

Illustrated notes

Levels and vault maps discovered:
D:1:      kilobyte_arrival_exit_the_forest, layout_loops_ring,
          shapermc_ecumenical_altar_gd, glass_columns_a
D:2:      layout_basic, basic_altar
D:3:      layout_rooms, serial_shops, shop, serial_bayou_pond_c,
          interstate_on_off, roderic_lattice_a, chequers_serial_rivers_micro_b,
          uniq_ijyb

Skill      XL: |  1  2 |
---------------+-------+-----
Fighting       | 4 |  4.6
Axes           | 3 |  3.5
Armour         | |  3.7
Shields        | |  3.8

Action                   |  1- 3 |  4- 6 || total
-------------------------+-------+-------++-------
Melee: War axe           |    70 |    17 ||    87
Invok: Purification      |     1 |       ||     1
  Use: Potion            |       |     1 ||     1
Armor: Scale mail        |    35 |     7 ||    42
Dodge: Dodged            |    24 |     6 ||    30
Block: Buckler           |    14 |     3 ||    17

Table legend: (Time is in decaauts)
 A = Elapsed time spent in this place.
 B = Non-inter-level travel time spent in this place.
 C = Inter-level travel time spent in this place.
 D = Time resting spent in this place.
 E = Time spent auto-exploring this place.
 F = Levels seen in this place.
 G = Mean time per level.
                   A        B        C        D        E       F      G
               +--------+--------+--------+--------+--------+-----+--------+
         Total |   1209 |   1176 |     33 |      0 |    956 |   3 |  403.0 |
       Dungeon |   1209 |   1176 |     33 |      0 |    956 |   3 |  403.0 |
               +--------+--------+--------+--------+--------+-----+--------+

Top non-repeatable levels by time:
     D:1: 821 daAuts
     D:2: 318 daAuts
     D:3: 69 daAuts
